 Dungeon Crawl Stone Soup version 0.23-a0-49-gd9f7a49 (webtiles) character file.

64459 Amnesiac the Nimble (level 14, -1/115 HPs)
             Began as a Mummy Air Elementalist on Aug 7, 2018.
             Was a High Priest of Sif Muna.
             Slain by a wolf (3 damage)
             ... on level 6 of the Lair of Beasts.
             The game lasted 01:02:51 (36728 turns).

Amnesiac the Nimble (Mummy Air Elementalist)       Turns: 36728, Time: 01:02:51

Health: -1/115     AC: 11    Str: 12    XL:     14   Next: 71%
Magic:  14/29      EV: 19    Int: 18    God:    Sif Muna [*****.]
Gold:   1549       SH:  5    Dex: 13    Spells: 31/35 levels left

rFire    x . .     SeeInvis +   a - +2 long sword (flame)
rCold    + . .     Gourm    .   e - +0 buckler
rNeg     + + +     Faith    .   u - +2 robe {Archmagi}
rPois    ∞         Spirit   .   t - +0 helmet
rElec    .         Reflect  .   F - +0 cloak
rCorr    .         Harm     +   l - +1 pair of gloves
MR       +....                  n - +0 pair of boots
Stlth    ++........             z - amulet of harm
HPRegen  0.29/turn              r - +2 ring of protection
MPRegen  0.21/turn              y - ring of see invisible

@: about to teleport, divine energy
A: no food or potions, fire vulnerability, cold resistance 1, negative energy
resistance 3, torment resistance, unbreathing, in touch with death 1
a: Stop Divine Energy, Channel Magic, Forget Spell, Renounce Religion


You were on level 6 of the Lair of Beasts.
You worshipped Sif Muna.
Sif Muna was extremely pleased with you.
You were not hungry.

You visited 4 branches of the dungeon, and saw 21 of its levels.
You also visited: Labyrinth.

You collected 1764 gold pieces.
You spent 215 gold pieces at shops.

Inventory:

Hand Weapons
 a - a +2 long sword of flaming (weapon)
 b - a +9 blowgun
Missiles
 s - 76 poisoned needles
 w - 18 javelins of penetration (quivered)
 E - 8 curare-tipped needles
Armour
 e - a +0 buckler (worn)
 l - a +1 pair of gloves (worn)
 n - a +0 pair of boots (worn)
 t - a +0 helmet (worn)
 u - a +2 robe of the Archmagi (worn)
 F - a +0 cloak (worn)
 H - +0 ice dragon scales
Jewellery
 r - a +2 ring of protection (left hand)
 y - a ring of see invisible (right hand)
 z - an amulet of harm (around neck)
Wands
 d - a wand of acid (10)
 f - a wand of iceblast (19)
 h - a wand of disintegration (3)
 j - a wand of clouds (8)
 k - a wand of polymorph (28)
 m - a wand of flame (23)
 B - a wand of random effects (36)
Scrolls
 c - 4 scrolls of magic mapping {!r}
 g - 12 scrolls of remove curse {!r}
 i - a scroll of fog {!r}
 o - 5 scrolls of vulnerability {!r}
 p - 7 scrolls of enchant weapon {!r}
 q - 4 scrolls of teleportation {!r}
 x - 5 scrolls of identify {!r}
 A - 2 scrolls of amnesia {!r}
 D - 2 scrolls of holy word {!r}


   Skills:
 - Level 12.0 Fighting
 - Level 12.0 Dodging
 - Level 1.5 Stealth
 - Level 4.0 Shields
 + Level 11.3 Spellcasting
   Level 0.7 Conjurations
 * Level 11.3 Air Magic
 - Level 8.0 Invocations


You had 31 spell levels left.
You knew the following spells:

 Your Spells              Type           Power        Failure   Level  Hunger
a - Airstrike             Air            ######....   1%          4    N/A

Your spell library contained the following spells:

 Spells                   Type           Power        Failure   Level  Hunger
 Magic Dart               Conj           ###.         5%          1    N/A
 Conjure Flame            Conj/Fire      ###.....     19%         3    N/A
 Lightning Bolt           Conj/Air       #####.....   16%         5    N/A
 Confuse                  Hex            ###.....     21%         3    N/A
 Freezing Cloud           Conj/Ice/Air   #####.....   90%         6    N/A
 Mephitic Cloud           Conj/Pois/Air  #####...     4%          3    N/A
 Ring of Flames           Chrm/Fire      ###.......   100%        7    N/A
 Iskenderun's Mystic Bla  Conj           ###.....     45%         4    N/A
 Summon Horrible Things   Summ           ###.......   100%        8    N/A
 Tukima's Dance           Hex            ###.....     21%         3    N/A
 Summon Greater Demon     Summ           ###.......   100%        7    N/A
 Shock                    Conj/Air       ####         1%          1    N/A
 Swiftness                Chrm/Air       #####...     1%          2    N/A
 Shadow Creatures         Summ           N/A          100%        6    N/A
 Ensorcelled Hibernation  Hex/Ice        ###...       11%         2    N/A
 Silence                  Hex/Air        #####.....   19%         5    N/A
 Shatter                  Erth           ###.......   100%        9    N/A
 Static Discharge         Conj/Air       #####...     1%          3    N/A
 Corona                   Hex            ###....      7%          1    N/A
 Monstrous Menagerie      Summ           ###.......   100%        7    N/A
 Malign Gateway           Summ/Tloc      ###.......   100%        7    N/A
 Tornado                  Air            ######....   100%        9    N/A
 Darkness                 Hex            ###.......   100%        6    N/A
 Fulminant Prism          Conj/Hex       ###.......   52%         4    N/A
 Dazzling Spray           Conj/Hex       ###...       19%         3    N/A
 Force Lance              Conj/Tloc      ###.....     52%         4    N/A
 Searing Ray              Conj           ###...       8%          2    N/A
 Poisonous Vapours        Pois/Air       #####.       1%          2    N/A
 Ignition                 Fire           ###.......   100%        8    N/A
 Borgnjor's Vile Clutch   Necr/Erth      ###.......   88%         5    N/A

Dungeon Overview and Level Annotations

Branches:
Dungeon (12/15)            Temple (1/1) D:7            Lair (6/6) D:9
 Shoals (0/4) Lair:3       Spider (0/4) Lair:3        Slime (0/5) Lair:6
    Orc (2/2) D:12            Elf (0/3) Orc:2

Altars:
Ashenzari
Cheibriados
Dithmenos
Elyvilon
Fedhas
Gozag
Hepliaklqana
Kikubaaqudgha
Makhleb
Nemelex Xobeh
Okawaru
Qazlal
Ru
Sif Muna
Trog
Uskayaw
Vehumet
Wu Jian
Xom
Yredelemnul
Zin
The Shining One
Beogh
Jiyva

Shops:
D:6 (   D:8 :   Orc:1 [   Orc:2 (:?*

Portals:
Pandemonium: Orc:2

Annotations:
D:6 exclusion: downstairs
Lair:2 dig, exclusion: 3 oklob plants
Lair:5 Rupert
Orc:1 Saint Roka


Innate Abilities, Weirdness & Mutations

You do not eat or drink.
Your flesh is vulnerable to fire.
You are immune to poison.
Your flesh is cold resistant. (rC+)
You are immune to negative energy. (rN+++)
You are immune to unholy pain and torment.
You can survive without breathing.
You are in touch with the powers of death.


Message History

The five-headed hydra stops moving altogether!
The komodo dragon is engulfed in calcifying dust.
The five-headed hydra is engulfed in calcifying dust.
The catoblepas breathes a plume of calcifying dust at you.
The blast of calcifying dust hits the spiny frog.
The blast of calcifying dust hits you!
* * * LOW HITPOINT WARNING * * *
A wolf comes into view.
The five-headed hydra roars!
The wolf howls!
You hear a loud, deep croak!
The wolf misses you. The wolf barely misses you.
You riposte.
You miss the wolf. The wolf bites you but does no damage.
The blink frog blinks!
The wolf bites you!
* * * LOW HITPOINT WARNING * * *
The catoblepas breathes a plume of calcifying dust at you.
The blast of calcifying dust hits you!
The wolf is engulfed in calcifying dust.
The wolf is moving more slowly.
The wolf closely misses you.
Really read
q - 7 scrolls of teleportation {!r}?
As you read the scroll of teleportation {!r}, it crumbles to dust.
You feel strangely unstable.
The wolf is engulfed in calcifying dust.
The wolf stops moving altogether!
The wolf is engulfed in calcifying dust.
The wolf is engulfed in calcifying dust.
The five-headed hydra is engulfed in calcifying dust.
The five-headed hydra stops moving altogether!
The five-headed hydra is engulfed in calcifying dust.
The wolf is engulfed in calcifying dust. x2
The five-headed hydra is engulfed in calcifying dust.
The komodo dragon is engulfed in calcifying dust.
The komodo dragon stops moving altogether!
The wolf is engulfed in calcifying dust. x2
Your surroundings suddenly seem different.
Okay, then.
Casting: Airstrike (safe; 1% risk of failure)
Confirm with . or Enter, or press ? or * to list all spells.
Aiming: Airstrike (safe; 1% risk of failure)
Press: ? - help, Dir - move target cursor, f - elephant
Aim: an elephant
Okay, then.
The black mamba hisses angrily.
Really read
q - 6 scrolls of teleportation {!r}?
As you read the scroll of teleportation {!r}, it crumbles to dust.
You feel strangely unstable. The black mamba misses you.
You riposte.
You hit the black mamba. You burn the black mamba.
The black mamba is lightly wounded.
Your surroundings suddenly seem different.
The spiny frog gives a loud, deep croak!
The catoblepas bellows!
You hear a bellow! x2; You hear a roar!
You hear a bellow! x2; You hear a roar!
The wolf bites you!
* * * LOW HITPOINT WARNING * * *
Really read
q - 5 scrolls of teleportation {!r}?
As you read the scroll of teleportation {!r}, it crumbles to dust.
You feel strangely unstable. The wolf barely misses you.
The catoblepas breathes a plume of calcifying dust at you.
The blast of calcifying dust hits you!
* * * LOW HITPOINT WARNING * * *
The wolf misses you.
You riposte.
You barely miss the wolf.
The wolf is engulfed in calcifying dust.
The wolf is moving more slowly.
The wolf bites you.
You die...

P..#F....F....#.##*..,,,,*,,*,**,
....#...###.....P#......*,*,,,,,,
...#............P........#*,,,,,,
.....#..#..##..$.........#*<,***,
.................#.......#****##.
..........#..#..###....?.#####.#.
..........#.#...##.........#.#...
#Y........#.#).#..§..............
....#P.........F@§.......§.......
.Y.Y............h§......§....Y...
.YY.............§(..............P
..........<..l..Y...............≈
...............§.......).#+#....≈
..#.##......#.#.#.#.#.#.#.#.#.♣≈.
..#...##.##..................#.P≈
....[###.##.#.#.#.#.#.#.#.#.#..≈≈
.....##..#.....<.....†......!.P≈≈


You could see a catoblepas, a komodo dragon, a spiny frog and a wolf
(petrifying).

Vanquished Creatures
  Kirke (Lair:4)
  A minotaur (Lab)
  An ettin (Orc:1)
  Erolcha (D:10)
  2 hydras
  An ice dragon (Lair:4)
  6 death yaks
  3 two-headed ogres
  6 orc high priests
  Sonja (D:12)
  3 soul eaters (Orc:2)
  A fire crab (Lair:4)
  An unseen horror (D:11)
  A torturous demonspawn (Orc:1)
  2 gelid demonspawn (Orc:2)
  8 oklob plants
  5 orc knights
  8 orc sorcerers
  3 manticores
  5 elephants
  2 cyclopes (D:12)
  2 black mambas
  A smoke demon (Orc:2)
  Maurice (Orc:2)
  An orange demon (Orc:2)
  2 centaur skeletons
  8 spiny frogs
  A rime drake (Lair:4)
  6 komodo dragons
  2 queen bees
  4 trolls
  A hornet (D:12)
  9 hippogriffs
  9 blink frogs
  2 spriggans (Lair:6)
  2 redbacks (Lab)
  3 wyverns (Lair:2)
  18 yaks
  5 hogs
  Eustachio (D:5)
  5 basilisks
  6 hungry ghosts
  A steam dragon (D:11)
  8 wargs
  Edmund (D:5)
  5 water moccasins
  3 porcupines
  An ice beast (D:7)
  30 orc warriors
  3 sky beasts
  16 ogres
  3 phantoms
  3 black bears
  6 wolves
  7 crocodiles
  5 centaurs
  Blork the orc (D:4)
  4 big kobolds
  11 bullfrogs
  A wyvern zombie (D:12)
  3 scorpions
  64 killer bees
  2 troll skeletons (Lab)
  4 wights (D:8)
  4 howler monkeys
  A spriggan skeleton (Lab)
  An electric eel (Lair:6)
  5 crimson imps
  2 quasits
  A centaur zombie (D:10)
  3 jellies
  23 orc wizards
  2 bullfrog zombies
  8 hounds
  32 orc priests
  An iguana (D:8)
  Ijyb (D:4)
  9 worker ants
  A hell rat (Lair:2)
  2 killer bee zombies
  2 hound zombies
  2 hound skeletons
  3 worker ant zombies
  A howler monkey zombie (D:8)
  4 gnolls
  A river rat (Lair:2)
  11 adders
  A shadow imp (D:5)
  3 white imps (Lair:4)
  An ooze (D:3)
  3 adder skeletons
  2 worms
  A dart slug (D:2)
  2 leopard geckos
  108 orcs
  7 bats
  5 giant cockroaches
  8 goblins
  13 hobgoblins
  15 jackals
  25 kobolds
  7 quokkas
  2 ball pythons
  7 frilled lizards
  9 rats
  A fungus (Lair:6)
  3 plants (Lab)
676 creatures vanquished.

Vanquished Creatures (others)
  A bush (Lair:6)
  15 fungi
  43 plants
59 creatures vanquished.

Grand Total: 735 creatures vanquished

Notes
Turn   | Place    | Note
-------+----------+-------------------------------------------
     0 | D:1      | Amnesiac the Mummy Air Elementalist began the quest for the Orb.
     0 | D:1      | Reached XP level 1. HP: 13/13 MP: 4/4
   196 | D:3      | Reached XP level 2. HP: 10/19 MP: 5/5
   487 | D:3      | Noticed an ogre
   502 | D:3      | Killed an ogre
   502 | D:3      | Reached XP level 3. HP: 14/24 MP: 8/8
   502 | D:3      | Reached XP level 4. HP: 17/30 MP: 9/9
   508 | D:3      | Learned a level 4 spell: Airstrike
   641 | D:4      | Noticed Blork the orc
   732 | D:4      | Noticed Ijyb
  1132 | D:3      | Reached XP level 5. HP: 35/35 MP: 2/11
  1560 | D:4      | Killed Ijyb
  2030 | D:4      | Reached XP level 6. HP: 41/41 MP: 0/13
  2174 | D:5      | Entered Level 5 of the Dungeon
  2287 | D:5      | Reached skill level 5 in Spellcasting
  2287 | D:5      | Reached skill level 5 in Air Magic
  2420 | D:4      | Killed Blork the orc
  3593 | D:5      | Reached XP level 7. HP: 46/46 MP: 6/15
  3997 | D:5      | Noticed Eustachio
  4010 | D:5      | Killed Eustachio
  4313 | D:5      | Found a shadowy altar of Dithmenos.
  4317 | D:5      | Noticed Edmund
  4331 | D:5      | Killed Edmund
  4331 | D:5      | Reached skill level 1 in Shields
  4839 | D:6      | Reached XP level 8. HP: 52/52 MP: 3/18
  4992 | D:6      | Found Feteps's Antique Weapon Emporium.
  5009 | D:6      | Found a sacrificial altar of Ru.
  5931 | D:7      | Found a staircase to the Ecumenical Temple.
  5943 | Temple   | Entered the Ecumenical Temple
  6152 | Temple   | Became a worshipper of Sif Muna the Loreminder
  8134 | D:7      | Reached * piety under Sif Muna
  8369 | D:7      | Reached XP level 9. HP: 57/57 MP: 0/21
  9015 | D:8      | Reached ** piety under Sif Muna
  9088 | D:8      | Noticed a two-headed ogre
  9208 | D:8      | Killed a two-headed ogre
  9472 | D:8      | Reached XP level 10. HP: 63/63 MP: 14/23
  9695 | D:8      | Found Piyr's Book Shop.
  9743 | D:8      | Found a hide-covered altar of Uskayaw.
  9945 | D:9      | Reached *** piety under Sif Muna
 10079 | D:9      | Got a pitted ivory ring
 10089 | D:9      | Reached skill level 10 in Air Magic
 10096 | D:9      | Identified the ring of the Greedy {+Inv rF- rC+ Str+4 Int+2 Stlth+} (You found it on level 9 of the Dungeon)
 10238 | D:9      | Reached skill level 10 in Spellcasting
 10342 | D:9      | Found a staircase to the Lair.
 10772 | D:10     | Entered Level 10 of the Dungeon
 10895 | D:10     | Noticed Erolcha
 10900 | D:10     | Killed Erolcha
 12040 | D:10     | Reached skill level 5 in Dodging
 12276 | D:11     | Noticed a manticore
 12548 | D:11     | Killed a manticore
 12977 | D:11     | Reached XP level 11. HP: 77/77 MP: 5/25
 13040 | D:11     | Noticed an unseen horror
 13139 | D:11     | Killed an unseen horror
 13812 | D:11     | Reached skill level 5 in Fighting
 14116 | D:12     | Reached **** piety under Sif Muna
 14184 | D:12     | Noticed Sonja
 14368 | D:12     | Killed Sonja
 15201 | D:12     | Found a staircase to the Orcish Mines.
 15678 | D:12     | Noticed a seven-headed hydra
 15684 | D:12     | Killed a seven-headed hydra
 16170 | Orc:1    | Entered Level 1 of the Orcish Mines
 16242 | Orc:2    | Entered Level 2 of the Orcish Mines
 17343 | Orc:1    | Noticed an orc sorcerer
 17348 | Orc:1    | Killed an orc sorcerer
 17348 | Orc:1    | Reached XP level 12. HP: 91/91 MP: 9/26
 17944 | Orc:1    | Found a transporter.
 18405 | Orc:1    | Found Xeong's Antique Armour Boutique.
 18535 | Orc:1    | Noticed an ettin
 18535 | Orc:1    | Found a roughly hewn altar of Beogh.
 18536 | Orc:1    | Noticed a two-headed ogre
 18538 | Orc:1    | Noticed an orc high priest
 18538 | Orc:1    | Noticed a two-headed ogre
 18539 | Orc:1    | Found a transporter.
 18677 | Orc:1    | Killed a two-headed ogre
 18849 | Orc:1    | Killed an orc high priest
 18864 | Orc:1    | Killed a two-headed ogre
 18864 | Orc:1    | Reached skill level 10 in Dodging
 18925 | Orc:1    | Killed an ettin
 19175 | Orc:1    | Got a slimy hunting sling
 19345 | Orc:2    | Found a staircase to the Elven Halls.
 19817 | Orc:2    | Found a shimmering altar of Xom.
 19856 | Orc:2    | Noticed Saint Roka
 20862 | Orc:2    | Found Zumonus's General Store.
 20864 | Orc:2    | Found Murche Ynuwys's Magic Scroll Emporium.
 21392 | Orc:2    | Bought a scroll of fear for 59 gold pieces
 21392 | Orc:2    | Bought a scroll of teleportation for 51 gold pieces
 21626 | Orc:2    | Noticed an orc high priest
 21803 | Orc:2    | Noticed an orc high priest
 22107 | Orc:2    | Noticed Maurice
 22112 | Orc:2    | Killed Maurice
 22308 | Orc:2    | Killed an orc high priest
 22308 | Orc:2    | Gained mutation: You are in touch with the powers of death. [Mummy growth]
 22308 | Orc:2    | Reached XP level 13. HP: 98/98 MP: 0/27
 24606 | Orc:2    | Paralysed by an orc sorcerer for 4 turns
 24613 | Orc:2    | Reached skill level 10 in Fighting
 25029 | Orc:2    | Found Egyvi Sioma's Book Shop.
 25029 | Orc:2    | Found a one-way gate leading to the halls of Pandemonium.
 25029 | Orc:2    | Found Fylel's Antique Weapon Boutique.
 25179 | Orc:2    | Identified the cursed +0 hunting sling of the Inquisitive Queens {flame, +Inv rN+ Str-4} (You found it on level 1 of the Orcish Mines)
 25234 | Orc:2    | Bought a scroll of enchant armour for 105 gold pieces
 25441 | Lair:1   | Entered Level 1 of the Lair of Beasts
 26255 | Lair:2   | Found a labyrinth entrance.
 26262 | Lab      | Entered a labyrinth
 27096 | Lab      | Noticed a minotaur
 27136 | Lab      | Killed a minotaur
 27761 | Lair:2   | Reached skill level 1 in Invocations
 29520 | Lair:2   | Reached skill level 5 in Invocations
 29964 | Lair:2   | Reached XP level 14. HP: 115/115 MP: 1/28
 30373 | Lair:3   | Found a staircase to the Shoals.
 31259 | Lair:3   | Found a hole to the Spider Nest.
 33437 | Lair:5   | Noticed Kirke
 33468 | Lair:5   | Reached ***** piety under Sif Muna
 33497 | Lair:5   | Noticed a sphinx
 33637 | Lair:5   | Received a gift from Sif Muna
 33671 | Lair:4   | Killed Kirke
 34048 | Lair:5   | Noticed Rupert
 36000 | Lair:6   | Entered Level 6 of the Lair of Beasts
 36123 | Lair:6   | Found a staircase to the Slime Pits.
 36123 | Lair:6   | Found a viscous altar of Jiyva.
 36554 | Lair:6   | Noticed Nessos
 36555 | Lair:6   | Noticed Nessos
 36555 | Lair:6   | Nessos changed into Nessos the komodo dragon
 36573 | Lair:6   | Killed Nessos the komodo dragon
 36725 | Lair:6   | HP: 2/115 [wolf (12)]
 36728 | Lair:6   | Slain by a wolf

Vault maps used:
D:1:      minmay_arrival_three_doors
D:2:      cheibrodos_old_hovel, minmay_tetromino_l2
D:3:      small_statue_intersection
D:4:      first_ration, uniq_blork_the_orc, uniq_ijyb
D:5:      basic_altar, uniq_eustachio, uniq_edmund
D:6:      serial_shops, shop, nicolae_ru_sacrificial_ziggurat
D:7:      minmay_temple_entry_glass
D:8:      lemuel_crystal_altar, serial_shops, shop_statue
D:9:      lair_entry_dummy
D:10:     uniq_erolcha
D:11:     special_room, david_nohive_1
D:12:     david_orc_1_choice, uniq_sonja
Temple:   minmay_crystal_snake_temple
Lair:1:   infiniplex_staircase_pool_2, lemuel_fruit_fields
Lair:2:   hangedman_what_comes_after_a, enter_volcano_4, lab_entry_generic,
          minmay_lair_oklob_chamber
Lair:3:   minmay_shoals_entry_beasts, dummy_spider_entry
Lair:4:   bobbens_ice_dragon_lair, grunt_megastairs_3
Lair:5:   dpeg_oklob_gauntlet, grunt_megastairs_4, serial_bayou_shore_b,
          uniq_rupert, uniq_kirke
Lair:6:   evil_forest, slime_altar_1, st_stairs_12, serial_bayou_pond_b,
          minivault_11, minivault_27, wad_woods_02, uniq_nessos
Orc:1:    gammafunk_beogh_shrine, serial_shops, shop, nicolae_orc_tapped_out
Orc:2:    pf_orc_diabolical, basic_altar, uniq_saint_roka, uniq_maurice
Lab:      nicolae_lab_lava, nicolae_lab_grate, nicolae_lab_garden, lab_statue,
          labyrinth_skeletal_remains, nicolae_lab_checkerboard

Skill      XL: |  1  2  3  4  5  6  7  8  9 10 11 12 13 14 |
---------------+-------------------------------------------+-----
Spellcasting   | 3 4 5 6 8 9 10 11 | 11.3
Air Magic      | 4 5 6 8 9 10 11 | 11.3
Shields        | 1 3 4 |  4.0
Dodging        | 5 9 12 | 12.0
Fighting       | 4 7 8 12 | 12.0
Invocations    | 5 8 |  8.0
Stealth        | |  1.5
Conjurations   | |  0.7

Action                   |  1- 3 |  4- 6 |  7- 9 | 10-12 | 13-15 || total
-------------------------+-------+-------+-------+-------+-------++-------
Melee: Spear             |    25 |       |       |       |       ||    25
       Long sword        |    31 |    43 |   105 |    47 |    84 ||   310
 Cast: Airstrike         |       |    39 |   186 |   598 |   627 ||  1450
Invok: Divine Energy     |       |       |     1 |       |       ||     1
Evoke: Wand              |     7 |     2 |    13 |     4 |    13 ||    39
  Use: Scroll            |       |     2 |     6 |    15 |    18 ||    41
 Stab: Sleeping          |     1 |     1 |       |       |       ||     2
       Distracted        |       |       |       |       |     1 ||     1
Armor: Ring mail         |    41 |       |       |       |       ||    41
       Robe              |       |     4 |    32 |    31 |    54 ||   121
Dodge: Dodged            |    39 |    36 |   114 |   157 |   280 ||   626
Block: Buckler           |       |       |       |    48 |    75 ||   123
       Rpst.: Long sword |     4 |    16 |    35 |    43 |    60 ||   158

Table legend:
 A = Spawn XP
 B = Non-spawn XP
 C = Spawn XP percentage of total XP
 D = Spawn monster count
 E = Non-spawn monster count
 F = Spawn count percentage of total count
 G = Total turns spent on level
                    A         B        C        D         E        F      G
               +---------+---------+-------+---------+---------+-------+---------
         Total |       0 |   92085 |   0.0 |       0 |     672 |   0.0 | 36728
               +---------+---------+-------+---------+---------+-------+---------
           D:1 |       0 |      47 |   0.0 |       0 |      21 |   0.0 |   714
           D:2 |       0 |     110 |   0.0 |       0 |      25 |   0.0 |   689
           D:3 |       0 |     371 |   0.0 |       0 |      37 |   0.0 |  1600
           D:4 |       0 |     253 |   0.0 |       0 |      13 |   0.0 |  1798
           D:5 |       0 |     802 |   0.0 |       0 |      15 |   0.0 |  1589
           D:6 |       0 |     295 |   0.0 |       0 |      10 |   0.0 |  1256
           D:7 |       0 |    1950 |   0.0 |       0 |      41 |   0.0 |  1121
           D:8 |       0 |    1990 |   0.0 |       0 |      22 |   0.0 |   939
           D:9 |       0 |    1405 |   0.0 |       0 |      25 |   0.0 |   924
          D:10 |       0 |    2747 |   0.0 |       0 |      33 |   0.0 |  1719
          D:11 |       0 |    4065 |   0.0 |       0 |      61 |   0.0 |  1709
          D:12 |       0 |    5819 |   0.0 |       0 |      48 |   0.0 |  1993
        Lair:1 |       0 |     904 |   0.0 |       0 |       5 |   0.0 |   883
        Lair:2 |       0 |   12988 |   0.0 |       0 |      73 |   0.0 |  3233
        Lair:3 |       0 |    6406 |   0.0 |       0 |      12 |   0.0 |  1338
        Lair:4 |       0 |    9725 |   0.0 |       0 |      29 |   0.0 |  2030
        Lair:5 |       0 |    4507 |   0.0 |       0 |      14 |   0.0 |  2093
        Lair:6 |       0 |    5979 |   0.0 |       0 |      21 |   0.0 |   728
         Orc:1 |       0 |    8718 |   0.0 |       0 |      49 |   0.0 |  4545
         Orc:2 |       0 |   20307 |   0.0 |       0 |     107 |   0.0 |  4605
           Lab |       0 |    2697 |   0.0 |       0 |      11 |   0.0 |   982
               +---------+---------+-------+---------+---------+-------+---------
